 Dungeon Crawl Stone Soup version 0.30-a0-304-gdc4b735fe1 (webtiles) character file.

Game seed: 15896135768738672741

18076 funkygono the Thaumaturge (level 12, -17/64 HPs)
             Began as a Gargoyle Fire Elementalist on Oct 20, 2022.
             Was an Elder of Vehumet.
             Killed from afar by a frost giant (23 damage)
             ... with a bolt of cold
             ... in an ice cave.
             The game lasted 00:29:31 (14660 turns).

funkygono the Thaumaturge (GrFE)                   Turns: 14660, Time: 00:29:32

Health: -17/64     AC: 23    Str: 13    XL:     12   Next: 54%
Magic:  3/27       EV: 13    Int: 26    God:    Vehumet [****..]
Gold:   504        SH:  0    Dex: 17    Spells: 13/34 levels left

rFire   . . .      SeeInvis +    b - +4 flail (protect)
rCold   + . .      Faith    .    (no shield)
rNeg    + . .      Spirit   .    W - +2 leather armour {rC+}
rPois   ∞          Reflect  .    G - +0 hat
rElec   +          Harm     .    r - +1 cloak
rCorr   .          Rampage  .    (no gloves)
Will    .....                    H - +2 pair of boots
Stlth   +++.......               P - amulet of regeneration
HPRegen 1.10/turn                k - +4 ring of protection
MPRegen 0.20/turn                B - ring "Iteos" {*Slow Int+6 Dex+7 SInv Stlth+}

@: no status effects
A: sickness immunity, AC +8, negative energy resistance 1, electricity
resistance, torment resistance 1, petrification resistance
a: Renounce Religion


You were in an ice cave.
You worshipped Vehumet.
Vehumet was greatly pleased with you.
You visited 2 branches of the dungeon, and saw 12 of its levels.
You also visited: Ice Cave.

You collected 1038 gold pieces.
You spent 534 gold pieces at shops.

Inventory:

Hand Weapons
 b - a +4 flail of protection (weapon)
 q - a +0 flail
 s - a +1 spectral whip
 N - a +2 whip of electrocution
 O - a +0 whip of freezing
Armour
 a - a +0 robe
 h - a +3 leather armour of willpower
 r - a +1 cloak (worn)
 t - the +4 chain mail of the Hippo {rC+ rN+ Str-2 Int+6}
   (You found it on level 2 of the Dungeon)

   Str:       It affects your strength (-2).
   Int:       It affects your intelligence (+6).
   rC:        It protects you from cold.
   rN:        It protects you from negative energy.
 w - the +3 leather armour of Ceexashe {rC+}
   (You found it on level 3 of the Dungeon)

   rC:        It protects you from cold.
 D - +0 fire dragon scales
 G - a +0 hat (worn)
 H - a +2 pair of boots (worn)
 J - a +1 pair of boots
 K - a +1 robe of willpower
 S - +0 steam dragon scales
 T - the +2 robe "Qomadd" {rPois Int+3 Dex-2 Archmagi}
   (You took it off a centaur warrior on level 9 of the Dungeon)

   Int:       It affects your intelligence (+3).
   Dex:       It affects your dexterity (-2).
   rPois:     It protects you from poison.
   Archmagi:  It increases the power of your magical spells.
 W - a +2 leather armour of cold resistance (worn)
 Z - a +2 crystal plate armour of cold resistance
Magical Staves
 E - a staff of conjuration
Jewellery
 c - a ring of protection from cold
 k - a +4 ring of protection (left hand)
 B - the ring "Iteos" (right hand) {*Slow Int+6 Dex+7 SInv Stlth+}
   (You found it on level 5 of the Dungeon)

   [ring of intelligence]

   Int:       It affects your intelligence (+6).
   Dex:       It affects your dexterity (+7).
   SInv:      It lets you see invisible.
   *Slow:     It may slow you when you take damage.
   Stlth:     It makes you more stealthy.
 I - an amulet of faith
 P - an amulet of regeneration (around neck)
Wands
 f - a wand of roots (17)
 o - a wand of mindburst (19)
 y - a wand of flame (15)
 z - a wand of charming (11)
 L - a wand of polymorph (3)
 Q - a wand of quicksilver (4)
Scrolls
 i - a scroll of amnesia
 j - 2 scrolls of poison
 m - 4 scrolls of teleportation
 x - a scroll of magic mapping
 M - 3 scrolls of blinking
 R - a scroll of identify
 U - a scroll of summoning
 X - a scroll of fog
 Y - a scroll of enchant weapon
Potions
 d - 4 potions of lignification
 e - a potion of invisibility
 g - 2 potions of heal wounds
 l - a potion of attraction {unknown}
 n - 3 potions of mutation
 p - 8 potions of curing
 u - 3 potions of brilliance
 v - a potion of haste
 A - 3 potions of might
 C - a potion of cancellation {unknown}
 F - 2 potions of berserk rage
 V - a potion of ambrosia {unknown}


   Skills:
 + Level 2.8 Fighting
 + Level 3.3 Maces & Flails
 + Level 4.1 Armour
 + Level 4.3 Dodging
 - Level 2.1 Stealth
 + Level 11.5 Spellcasting
 + Level 9.1 Conjurations
 + Level 0.1 Translocations
 + Level 11.0 Fire Magic
 + Level 1.8 Air Magic
 + Level 4.8 Earth Magic
 + Level 0.7 Poison Magic


You had 13 spell levels left.
You knew the following spells:

 Your Spells              Type           Power      Damage    Failure   Level
a - Foxfire               Conj/Fire      100%       2x1d9     1%          1
b - Scorch                Fire           100%       2d10      1%          2
c - Kindle Blastsparks    Fire/Tloc/Air  74%        2d16      1%          3
d - Flame Wave            Conj/Fire      61%        2d14      1%          4
e - Shock                 Conj/Air       100%       1d9       1%          1
f - Magic Dart            Conj           100%       1d8       1%          1
g - Ignite Poison         Fire/Tmut/Pois 35%        N/A       1%          3
h - Mephitic Cloud        Conj/Pois/Air  35%        N/A       1%          3
i - Stone Arrow           Conj/Erth      100%       3d13      1%          3

Your spell library contained the following spells:

 Spells                   Type           Power      Damage    Failure   Level
 Airstrike                Air            12%        2d(2-18)  6%          4
 Freeze                   Ice            60%        1d7       1%          1
 Poisonous Vapours        Pois/Air       42%        N/A       1%          2
 Searing Ray              Conj           100%       2d8       1%          2
 Hailstorm                Conj/Ice       38%        3d9       1%          3
 Inner Flame              Hex/Fire       43%        N/A       1%          3
 Fulminant Prism          Conj/Hex       19%        3d11      2%          4
 Frozen Ramparts          Ice            30%        1d5       4%          3
 Summon Lightning Spire   Summ/Air       19%        N/A       32%         4
 Storm Form               Tmut/Air       10%        N/A       100%        7
 Maxwell's Capacitive Co  Air            12%        ∞         100%        8
 Cigotuvi's Dreadful Rot  Necr/Pois/Air  Unusable   N/A       N/A         2

Dungeon Overview and Level Annotations

Branches:
Dungeon (11/15)            Temple (1/1) D:5            Lair (0/5) D:11
    Orc (0/2) D:10          IceCv (1/1)

Altars:
Ashenzari
Cheibriados
Dithmenos
Elyvilon
Fedhas
Gozag
Hepliaklqana
Kikubaaqudgha
Makhleb
Nemelex Xobeh
Okawaru
Qazlal
Ru
Sif Muna
Trog
Uskayaw
Vehumet
Wu Jian
Xom
Yredelemnul
Zin
The Shining One

Shops:
D:2 (   D:6 !   D:7 [   D:8 =


Innate Abilities, Weirdness & Mutations

You are immune to sickness and miasma.
Your stone body is resilient. (AC +8)
You are immune to poison.
You resist negative energy. (rN+)
You are resistant to electric shocks. (rElec)
You are resistant to unholy torment.
You are immune to petrification.


Message History

Aiming: Stone Arrow (safe; 1% risk of failure)
Press: ? - help, Shift-Dir - straight line, f/p - frost giant
Aim: a frost giant, wielding a +0 battleaxe of freezing (moderately wounded, more vulnerable to fire, 98% to hit)
The stone arrow hits the frost giant!!
The frost giant is heavily wounded.
The frost giant gestures at you while chanting.
The bolt of cold misses you.
Casting: Stone Arrow (safe; 1% risk of failure)
Confirm with . or Enter, or press ? or * to list all spells.
Flames lash the frost giant.
The frost giant is burned terribly!
The frost giant is severely wounded.
Unknown command.
Unknown command.
Casting: Scorch (safe; 1% risk of failure)
Confirm with . or Enter, or press ? or * to list all spells.
Aiming: Stone Arrow (safe; 1% risk of failure)
Press: ? - help, Shift-Dir - straight line, f/p - frost giant
Aim: a frost giant, wielding a +0 battleaxe of freezing (heavily wounded, more vulnerable to fire, 98% to hit)
The stone arrow hits the frost giant!
The frost giant is severely wounded.
The frost giant hits you with a +0 battleaxe of freezing!!
The frost giant freezes you.
Casting: Stone Arrow (safe; 1% risk of failure)
Confirm with . or Enter, or press ? or * to list all spells.
Aiming: Stone Arrow (safe; 1% risk of failure)
Press: ? - help, Shift-Dir - straight line, f/p - frost giant
Aim: a frost giant, wielding a +0 battleaxe of freezing (severely wounded, more vulnerable to fire, 98% to hit)
The stone arrow hits the frost giant!
The frost giant is almost dead.
The frost giant hits you with a +0 battleaxe of freezing!!
* * * LOW HITPOINT WARNING * * *
The frost giant freezes you.
* * * LOW HITPOINT WARNING * * *
Casting: Stone Arrow (safe; 1% risk of failure)
Confirm with . or Enter, or press ? or * to list all spells.
Flames lash the frost giant.
The frost giant is burned terribly!
The frost giant is almost dead.
The frost giant gestures at you while chanting.
The bolt of cold hits you!! You resist.
You die...

####### ########
......## ##..†...##
##.....####..###@..##
####....#...###.C⌠.(#
≈≈≈####...### ##...##
≈≈## ##### ..### ≈##
##.. ≈≈≈. .### ≈≈#. #
≈#... ##.#


You could see a frost giant (combustible).

Vanquished Creatures
  A centaur warrior (D:9)
  3 death yaks (IceCv)
  Pikel (D:9)
  An ice statue (IceCv)
  3 orange demons (D:10)
  4 red devils (D:10)
  7 polar bears (IceCv)
  A troll (D:10)
  2 vampires
  A basilisk (D:9)
  2 wyverns
  28 yaks
  Eustachio (D:6)
  2 steam dragons
  A water moccasin (D:7)
  An acid dragon (D:11)
  3 ice beasts
  4 sky beasts
  7 orc warriors
  An ogre (D:7)
  15 wolves (IceCv)
  5 centaurs
  A phantom (D:4)
  5 kobold brigands
  Blork the orc (D:4)
  2 necrophages
  A gnoll sergeant (D:8)
  5 bullfrogs
  2 scorpions
  3 wights (D:9)
  9 killer bees
  3 howler monkeys
  7 electric eels
  5 hounds
  6 orc priests
  Ijyb (D:3)
  Natasha (thrice) (D:3)
  4 iguanas
  13 orc wizards
  20 gnolls
  6 adders
  3 white imps
  An ufetubus (D:5)
  2 dart slugs
  49 orcs
  7 endoplasms
  4 giant cockroaches
  5 hobgoblins
  5 jackals
  3 quokkas
  6 ball pythons
  5 bats
  2 frilled lizards (D:1)
  15 goblins
  29 kobolds
  5 rats
332 creatures vanquished.

Vanquished Creatures (collateral kills)
  3 foxfires (D:9)
3 creatures vanquished.

Vanquished Creatures (others)
  A gnoll bouda (D:5)
  2 gnolls (D:5)
  A bush (D:11)
  724 foxfires
  A fungus (D:11)
  23 plants
752 creatures vanquished.

Grand Total: 1087 creatures vanquished

Notes
Turn   | Place    | Note
-------+----------+-------------------------------------------
     0 | D:1      | funkygono the Gargoyle Fire Elementalist began the quest
                  | for the Orb.
     0 | D:1      | Reached XP level 1. HP: 10/10 MP: 3/3
   200 | D:1      | Reached XP level 2. HP: 15/15 MP: 0/5
   798 | D:1      | Reached XP level 3. HP: 19/19 MP: 1/6
   801 | D:1      | Learned a level 2 spell: Scorch
   805 | D:1      | Learned a level 3 spell: Kindle Blastsparks
  1507 | D:2      | Found Rymp's Weapon Shop.
  1691 | D:2      | Identified the +4 chain mail of the Hippo {rC+ rN+ Str-2
                  | Int+6}
  1870 | D:2      | Identified a scroll of acquirement
  1870 | D:2      | Acquired 272 gold pieces
  1935 | D:3      | Reached XP level 4. HP: 24/24 MP: 2/8
  2366 | D:3      | Reached XP level 5. HP: 28/28 MP: 6/9
  2575 | D:3      | Noticed Natasha
  2581 | D:3      | Killed Natasha
  2661 | D:3      | Noticed Natasha
  2665 | D:3      | Killed Natasha
  2715 | D:3      | Noticed Natasha
  2721 | D:3      | Killed Natasha
  2731 | D:3      | Learned a level 4 spell: Flame Wave
  2840 | D:3      | Reached XP level 6. HP: 33/33 MP: 6/11
  2977 | D:3      | Noticed Ijyb
  2990 | D:3      | Killed Ijyb
  3107 | D:3      | Identified the +3 leather armour of Ceexashe {rC+}
  3548 | D:3      | Reached skill level 5 in Fire Magic
  3746 | D:4      | Reached XP level 7. HP: 33/37 MP: 1/13
  4327 | D:4      | Noticed Blork the orc
  4334 | D:4      | Killed Blork the orc
  4879 | D:4      | Reached skill level 1 in Armour
  5108 | D:5      | Entered Level 5 of the Dungeon
  5111 | D:5      | Reached XP level 8. HP: 42/42 MP: 11/15
  5236 | D:5      | Reached skill level 5 in Spellcasting
  5396 | D:5      | Found a staircase to the Ecumenical Temple.
  5428 | Temple   | Entered the Ecumenical Temple
  5494 | Temple   | Became a worshipper of Vehumet
  6149 | D:5      | Identified the ring "Iteos" {*Slow Int+6 Dex+7 SInv Stlth+}
  6975 | D:6      | Found a shimmering blue altar of Sif Muna.
  7028 | D:6      | Noticed Eustachio
  7036 | D:6      | Killed Eustachio
  7160 | D:6      | Found an ornate altar of the Wu Jian Council.
  7167 | D:6      | Reached skill level 1 in Maces & Flails
  7211 | D:6      | Reached XP level 9. HP: 46/46 MP: 10/18
  7284 | D:6      | Reached skill level 1 in Fighting
  7724 | D:6      | Found Mumodd's Distillery.
  7875 | D:7      | Found a large runed translucent door.
  7875 | D:7      | Found a large runed translucent door.
  7992 | D:7      | Reached skill level 5 in Conjurations
  7995 | D:7      | Reached * piety under Vehumet
  7995 | D:7      | Offered knowledge of Shock by Vehumet.
  8700 | D:7      | Found Xirumink's Antique Armour Shop.
  8743 | D:7      | Bought a pair of boots for 144 gold pieces
  8753 | D:7      | Learned a level 1 spell: Shock
  8948 | D:7      | Found a white marble altar of Elyvilon.
  8953 | D:7      | Found an iron altar of Okawaru.
  9102 | D:8      | Reached XP level 10. HP: 47/52 MP: 11/21
  9102 | D:8      | Reached ** piety under Vehumet
  9102 | D:8      | Offered knowledge of Magic Dart by Vehumet.
  9366 | D:8      | Reached skill level 1 in Air Magic
  9764 | D:8      | Found Wihiro's Jewellery Boutique.
  9858 | D:8      | Bought an amulet of regeneration for 390 gold pieces
 10249 | D:8      | Learned a level 1 spell: Magic Dart
 10509 | D:9      | Noticed Pikel
 10527 | D:9      | Killed Pikel
 10692 | D:9      | Identified the +2 robe "Qomadd" {rPois Int+3 Dex-2
                  | Archmagi}
 10692 | D:9      | Noticed a centaur warrior
 10781 | D:9      | Killed a centaur warrior
 10851 | D:9      | Offered knowledge of Ignite Poison by Vehumet.
 10993 | D:9      | Reached *** piety under Vehumet
 11092 | D:9      | Reached XP level 11. HP: 57/57 MP: 22/24
 11170 | D:9      | Found a glowing golden altar of the Shining One.
 11175 | D:9      | Found an ancient bone altar of Kikubaaqudgha.
 12087 | D:9      | Learned a level 3 spell: Ignite Poison
 12091 | D:9      | Learned a level 3 spell: Mephitic Cloud
 12166 | D:10     | Entered Level 10 of the Dungeon
 12255 | D:10     | Reached skill level 10 in Fire Magic
 12420 | D:10     | Offered knowledge of Stone Arrow by Vehumet.
 12421 | D:10     | Reached skill level 10 in Spellcasting
 12463 | D:10     | Learned a level 3 spell: Stone Arrow
 12692 | D:10     | Reached skill level 1 in Earth Magic
 13154 | D:10     | Found a staircase to the Orcish Mines.
 13553 | D:11     | Found a frozen archway.
 13574 | D:11     | Reached **** piety under Vehumet
 13633 | IceCv    | Entered an ice cave
 13673 | IceCv    | Offered knowledge of Airstrike by Vehumet.
 14160 | IceCv    | Reached XP level 12. HP: 64/64 MP: 17/26
 14529 | IceCv    | Noticed a death yak
 14540 | IceCv    | Killed a death yak
 14581 | IceCv    | Noticed a death yak
 14581 | IceCv    | Noticed a death yak
 14593 | IceCv    | Killed a death yak
 14597 | IceCv    | Killed a death yak
 14652 | IceCv    | Noticed a frost giant
 14660 | IceCv    | Killed from afar by a frost giant

Illustrated notes

Levels and vault maps discovered:
D:1:      dpeg_arrival_pond, layout_basic
D:2:      layout_rooms, serial_shops, nicolae_shop_hallway_plus
D:3:      kennysheep_goblin_castle, layout_basic, uniq_natasha
D:4:      minmay_opposing_rooms, layout_basic, serial_corexii_hall,
          chequers_hall_statues_corner_a, corexii_hall_statues_l,
          corexii_hall_statues_x, corexii_hall_statues_u,
          chequers_hall_statues_y, uniq_blork_the_orc
D:5:      layout_basic, minmay_temple_entry_nine_rooms, hangedman_decor_push,
          lemuel_flamethrower_2
D:6:      layout_loops_ring, nicolae_wu_jian_wuxing_cycle, lemuel_round_altar,
          serial_shops, kennysheep_mini, uniq_eustachio
D:7:      layout_basic, jmf_multi_god_temple2, serial_shops,
          nicolae_lakefront_shop, fountainhead
D:8:      layout_basic, serial_shops, nicolae_shop_crystal, wad_floor_pattern_1,
          st_stairs_9
D:9:      cheibrodos_two_vegetables, layout_grid_maze,
          grunt_temple_overflow_open, hex_tiny, lightli_fourway_metalbox,
          uniq_pikel
D:10:     layout_basic, orc_0_dummy, minmay_beelzebubs_servants
D:11:     layout_loops_cross, minmay_lair_entry_grove, serial_shops,
          nicolae_shop_crystal, portal_ice_cave_entry_pillars_1,
          due_unseen_surprise
Temple:   eino_temple_scatter_basement
IceCv:    ice_cave_caverns_02

Skill      XL: |  1  2  3  4  5  6  7  8  9 10 11 12 |
---------------+-------------------------------------+-----
Conjurations   | 2 3 4 5 6 8 9 |  9.1
Fire Magic     | 4 5 6 7 8 9 10 11 | 11.0
Spellcasting   | 3 4 6 7 9 10 11 | 11.5
Dodging        | 2 3 4 |  4.3
Armour         | 1 2 3 4 |  4.1
Maces & Flails | 1 2 3 |  3.3
Fighting       | 1 2 |  2.8
Air Magic      | 1 |  1.8
Earth Magic    | 3 4 |  4.8
Stealth        | |  2.1
Translocations | |  0.1
Poison Magic   | |  0.7

Action                   |  1- 3 |  4- 6 |  7- 9 | 10-12 || total
-------------------------+-------+-------+-------+-------++-------
Melee: Unarmed           |     3 |       |       |       ||     3
       Club              |    12 |       |       |       ||    12
       Flail             |     5 |       |       |    55 ||    60
       Whip              |       |    20 |    44 |       ||    64
 Cast: Foxfire           |    67 |    84 |   176 |   105 ||   432
       Scorch            |     4 |    16 |    58 |    35 ||   113
       Flame Wave        |       |       |     4 |    29 ||    33
       Kindle Blastspark |       |       |     1 |     1 ||     2
       Stone Arrow       |       |       |       |    70 ||    70
       Magic Dart        |       |       |       |     3 ||     3
       Mephitic Cloud    |       |       |       |     3 ||     3
       Ignite Poison     |       |       |       |     3 ||     3
  Use: Scroll            |     8 |     1 |     7 |    12 ||    28
       Potion            |       |       |     1 |       ||     1
Armor: Robe              |    34 |     7 |       |    45 ||    86
       Leather armour    |       |    22 |    52 |    90 ||   164
Dodge: Dodged            |    47 |    25 |    69 |   141 ||   282

Table legend: (Time is in decaauts)
 A = Elapsed time spent in this place.
 B = Non-inter-level travel time spent in this place.
 C = Inter-level travel time spent in this place.
 D = Time resting spent in this place.
 E = Time spent auto-exploring this place.
 F = Levels seen in this place.
 G = Mean time per level.
                   A        B        C        D        E       F      G
               +--------+--------+--------+--------+--------+-----+--------+
         Total |  14720 |  14367 |    353 |   1018 |  10924 |  13 | 1132.3 |
       Dungeon |  13461 |  13127 |    334 |    926 |  10040 |  11 | 1223.7 |
        Temple |    216 |    197 |     19 |      0 |    177 |   1 |  216.0 |
      Ice Cave |   1041 |   1041 |      0 |     92 |    706 |   1 | 1041.0 |
               +--------+--------+--------+--------+--------+-----+--------+

Top non-repeatable levels by time:
     D:9: 1923 daAuts
     D:3: 1697 daAuts
     D:4: 1499 daAuts
     D:5: 1473 daAuts
    D:10: 1354 daAuts
     D:8: 1273 daAuts
     D:1: 1267 daAuts
     D:7: 1125 daAuts
     D:6: 1076 daAuts
   IceCv: 1041 daAuts
     D:2: 655 daAuts
  Temple: 216 daAuts
    D:11: 116 daAuts
